 Dungeon Crawl Stone Soup version 0.31-a0-164-g2312942fda (webtiles) character file.

Game seed: 17530687155395874375

1653 qw the Skirmisher (level 9, 0/81 HPs)
             Began as a Naga Hunter on June 13, 2023.
             Was an Initiate of Okawaru.
             Slain by Pikel
             ... wielding a +0 whip of electrocution
              (14 damage)
             ... on level 7 of the Dungeon.
             The game lasted 00:01:52 (5548 turns).

qw the Skirmisher (Naga Hunter)                     Turns: 5548, Time: 00:01:53

Health: 0/81       AC: 10    Str: 13    XL:     9   Next: 0%
Magic:  9/9        EV: 11    Int:  9    God:    Okawaru [......]
Gold:   5          SH:  0    Dex: 20    Spells: 8/8 levels left

rFire   . . .        o - +2 orcbow (heavy)
rCold   . . .        (shield currently unavailable)
rNeg    . . .        c - +0 leather armour
rPois   +            q - +1 helmet
rElec   .            p - +0 cloak
rCorr   .            b - +2 pair of gloves
SInv    +            (no barding)
Will    +....        f - amulet of faith
Stlth   ++           (no ring)
HPRegen 0.33/turn    (no ring)
MPRegen 0.11/turn

%: faith
@: about to teleport, very slow
A: AC +3, large, see invisible, deformed body, poison resistance, slowness 2,
spit poison 1, naga tail 1
a: Spit Poison, Renounce Religion


You were on level 7 of the Dungeon.
You worshipped Okawaru.
Okawaru was noncommittal.
You visited 2 branches of the dungeon, and saw 8 of its levels.
You also visited: Sewer.

You collected 304 gold pieces.
You spent 299 gold pieces at shops.


Innate Abilities, Weirdness & Mutations

Your serpentine skin is tough. (AC +3)
You have supernaturally acute eyesight. (SInv)
Armour fits poorly on your strangely shaped body.
Your system is resistant to poisons. (rPois)
You cover ground very slowly.
You can spit poison.
You have a snake-like lower body.


   Skills:
 + Level 5.6 Fighting
 - Level 9.1 Ranged Weapons
 - Level 1.0 Armour
 - Level 3.0 Dodging
 - Level 1.5 Stealth


You had 8 spell levels left.
You didn't know any spells.
Your spell library was empty.

Inventory:

Hand Weapons
 o - a +2 heavy orcbow (weapon)
Armour
 b - a +2 pair of gloves (worn)
 c - a +0 leather armour (worn)
 p - a +0 cloak (worn)
 q - a +1 helmet (worn)
Jewellery
 f - an amulet of faith (around neck)
 i - a ring of fire
Scrolls
 a - 2 scrolls of teleportation
 d - a scroll of identify
 s - a scroll of brand weapon
Potions
 e - a potion of haste
 h - 2 potions of mutation
 l - 3 potions of curing
 m - a potion of enlightenment {unknown}
 n - a potion of resistance {unknown}

Dungeon Overview and Level Annotations

Branches:
Dungeon (7/15)             Temple (1/1) D:6           Sewer (visited)

Altars:
Ashenzari
Cheibriados
Dithmenos
Elyvilon
Fedhas
Gozag
Hepliaklqana
Kikubaaqudgha
Makhleb
Okawaru
Qazlal
Ru
Sif Muna
Trog
Uskayaw
Vehumet
Wu Jian
Xom
Yredelemnul
Zin
The Shining One

Shops:
D:1 *   D:6 ?

Annotations:
D:7 Pikel


Message History

You have got your breath back.
Pikel hits you but does no damage.
Pikel hits you with a +0 whip of electrocution.
You are electrocuted!
The lemure closely misses you.
You have reached level 9!
Your experience leads to an increase in your attributes!
Increase (S)trength, (I)ntelligence, or (D)exterity?
You feel agile. x2; Your skin feels tougher.
5543 ||| INVOKING Spit Poison.
Aiming: Spit Poison (1% risk of failure)
Press: ? - help, Shift-Dir - straight line, f - Pikel The splash of poison hits Pikel but does no damage.
Pikel is poisoned.
Pikel misses you.
You shoot an arrow. The arrow hits Pikel!!
Pikel is severely wounded.
The lemure closely misses you.
Pikel cracks his whip.
Pikel barely misses you. The lemure hits you but does no damage.
Pikel hits you with a +0 whip of electrocution.
The lemure hits you but does no damage. The lemure misses you.
You shoot an arrow. The arrow barely misses Pikel.
The lemure barely misses you. The lemure hits you.
The lemure barely misses you.
Pikel hits you with a +0 whip of electrocution!
You shoot an arrow. The arrow hits Pikel.
Pikel is severely wounded.
The lemure misses you. The lemure closely misses you. The lemure hits you!
Pikel closely misses you. The lemure hits you but does no damage.
The lemure hits you. The lemure closely misses you.
Pikel hits you with a +0 whip of electrocution!
You are electrocuted!
5547 ||| READING 3 scrolls of teleportation.
As you read the scroll of teleportation, it crumbles to dust.
You feel strangely unstable.
Pikel looks more healthy.
The lemure hits you but does no damage. x2
The lemure barely misses you. Pikel closely misses you.
You shoot an arrow. The arrow barely misses Pikel.
You have got your breath back.
The lemure hits you. x3; Pikel hits you but does no damage.
You are electrocuted!
You die...

.# ...... .#
...... $$ .....
$# #.... .# ...#
.. .#..# ...#
###5K.#
.....##..@5.##.
..........5.>....
..<.###..###.....
.#.. ##.# #$.##
#.. #..# ..###
#...#..## ......
#......## ....:#
#.......###......
#................


You could see Pikel and 3 lemures.

Vanquished Creatures
  A kobold demonologist (D:5)
  Prince Ribbit (D:5)
  A sky beast (D:5)
  A black bear (D:6)
  An ogre (D:4)
  Pargi (Sewer)
  A lemure (D:7)
  2 phantoms
  A gnoll sergeant (D:6)
  A jelly (D:6)
  5 hounds
  An orc priest (D:6)
  2 sleepcaps
  2 iguanas (D:5)
  2 river rats (D:3)
  9 adders
  8 gnolls
  2 shadow imps (D:6)
  A white imp (D:6)
  6 worms
  2 dart slugs
  13 orcs
  5 ball pythons
  6 bats
  6 endoplasms
  4 giant cockroaches
  7 goblins
  3 hobgoblins
  2 jackals (D:4)
  9 kobolds
  6 quokkas
  5 frilled lizards
  6 rats
123 creatures vanquished.

Notes
Turn   | Place    | Note
-------+----------+-------------------------------------------
     0 | D:1      | qw the Naga Hunter began the quest for the Orb.
     0 | D:1      | Reached XP level 1. HP: 19/19 MP: 1/1
     0 | D:1      | 0 ||| qw: Version: 0.2-a-29-gc1b59c4
     0 | D:1      | 0 ||| qw: Game counter: 4592
     0 | D:1      | 0 ||| qw: Always use a shield: true
     0 | D:1      | 0 ||| qw: God list: Okawaru
     0 | D:1      | 0 ||| qw: Allow faded altars: false
     0 | D:1      | 0 ||| qw: Do Orc after D:15 true
     0 | D:1      | 0 ||| qw: Do second Lair branch before Depths: true
     0 | D:1      | 0 ||| qw: Lair rune preference: random
     0 | D:1      | 0 ||| qw: Plans: Normal
     0 | D:1      | 0 ||| PLANNING D:1-11
   104 | D:1      | 104 ||| INVOKING Spit Poison.
   153 | D:1      | 153 ||| INVOKING Spit Poison.
   183 | D:1      | Reached skill level 4 in Ranged Weapons
   183 | D:1      | Reached XP level 2. HP: 26/26 MP: 2/2
   190 | D:1      | 190 ||| INVOKING Spit Poison.
   192 | D:1      | Found Meyr's Assorted Antiques.
   193 | D:1      | 193 ||| INVOKING Spit Poison.
   203 | D:1      | 203 ||| SHOPLISTING cloak (103 gold, have 26).
   203 | D:1      | 203 ||| BUYING scroll labelled CASTRE QULEQEYRPH (23 gold).
   203 | D:1      | Bought a scroll labelled CASTRE QULEQEYRPH for 23 gold
                  | pieces
   264 | D:1      | 264 ||| INVOKING Spit Poison.
   303 | D:1      | 303 ||| INVOKING Spit Poison.
   323 | D:1      | 323 ||| INVOKING Spit Poison.
   341 | D:1      | 341 ||| INVOKING Spit Poison.
   347 | D:1      | 347 ||| INVOKING Spit Poison.
   363 | D:1      | 363 ||| INVOKING Spit Poison.
   369 | D:1      | 369 ||| INVOKING Spit Poison.
   564 | D:1      | 564 ||| INVOKING Spit Poison.
   587 | D:1      | 587 ||| INVOKING Spit Poison.
   604 | D:1      | 604 ||| UPGRADING to amulet of faith.
   609 | D:1      | 609 ||| DROPPING +6 ring of intelligence.
   610 | D:1      | 610 ||| READING 2 scrolls labelled BAOTIK XASYISK.
   614 | D:1      | 614 ||| READING scroll labelled RITEZYEPUPO.
   615 | D:1      | 615 ||| READING scroll labelled OTILOYCATA.
   616 | D:1      | 616 ||| READING scroll labelled FYRRIRGHUELO.
   617 | D:1      | 617 ||| READING scroll labelled CASTRE QULEQEYRPH.
   667 | D:1      | 667 ||| DROPPING scroll of butterflies.
   710 | D:2      | Reached XP level 3. HP: 32/32 MP: 3/3
   723 | D:2      | 723 ||| INVOKING Spit Poison.
   730 | D:2      | 730 ||| INVOKING Spit Poison.
   736 | D:2      | 736 ||| INVOKING Spit Poison.
   740 | D:2      | 740 ||| INVOKING Spit Poison.
   750 | D:2      | 750 ||| INVOKING Spit Poison.
   766 | D:2      | 766 ||| INVOKING Spit Poison.
   804 | D:2      | 804 ||| INVOKING Spit Poison.
   815 | D:2      | 815 ||| INVOKING Spit Poison.
   818 | D:2      | 818 ||| INVOKING Spit Poison.
   824 | D:2      | 824 ||| INVOKING Spit Poison.
   825 | D:2      | 825 ||| INVOKING Spit Poison.
   831 | D:2      | 831 ||| INVOKING Spit Poison.
   833 | D:2      | Reached skill level 5 in Ranged Weapons
   833 | D:2      | Reached XP level 4. HP: 33/39 MP: 4/4
   862 | D:2      | 862 ||| INVOKING Spit Poison.
   871 | D:2      | 871 ||| INVOKING Spit Poison.
   875 | D:2      | 875 ||| INVOKING Spit Poison.
   905 | D:2      | 905 ||| INVOKING Spit Poison.
  1115 | D:2      | 1115 ||| INVOKING Spit Poison.
  1153 | D:2      | 1153 ||| UPGRADING to +2 pair of gloves.
  1158 | D:2      | 1158 ||| READING scroll labelled COB BUASKAMMI.
  1159 | D:2      | 1159 ||| READING 2 scrolls labelled POONEDIPSU.
  1160 | D:2      | 1160 ||| READING scroll labelled MIOBETREZEFF.
  1161 | D:2      | 1161 ||| DRINKING 4 blue potions.
  1162 | D:2      | 1162 ||| READING 2 scrolls of identify.
  1162 | D:2      | 1162 ||| IDENTIFYING fuming purple potion
  1163 | D:2      | 1163 ||| DROPPING scroll of poison.
  1185 | D:3      | 1185 ||| PLANNING SEWER
  1185 | D:3      | 1185 ||| INVOKING Spit Poison.
  1188 | D:3      | 1188 ||| INVOKING Spit Poison.
  1205 | D:3      | 1205 ||| INVOKING Spit Poison.
  1246 | D:3      | 1246 ||| INVOKING Spit Poison.
  1268 | D:3      | 1268 ||| INVOKING Spit Poison.
  1272 | D:3      | 1272 ||| INVOKING Spit Poison.
  1279 | D:3      | 1279 ||| INVOKING Spit Poison.
  1280 | D:3      | Reached skill level 3 in Fighting
  1286 | D:3      | Found a glowing drain.
  1287 | D:3      | 1287 ||| INVOKING Spit Poison.
  1293 | D:3      | 1293 ||| INVOKING Spit Poison.
  1296 | D:3      | 1296 ||| INVOKING Spit Poison.
  1298 | D:3      | Reached XP level 5. HP: 31/49 MP: 5/5
  1366 | Sewer    | Entered a sewer
  1380 | Sewer    | 1380 ||| INVOKING Spit Poison.
  1396 | Sewer    | 1396 ||| INVOKING Spit Poison.
  1409 | Sewer    | 1409 ||| INVOKING Spit Poison.
  1414 | Sewer    | 1414 ||| INVOKING Spit Poison.
  1423 | Sewer    | 1423 ||| INVOKING Spit Poison.
  1469 | Sewer    | Noticed Pargi
  1470 | Sewer    | 1470 ||| INVOKING Spit Poison.
  1476 | Sewer    | 1476 ||| INVOKING Spit Poison.
  1479 | Sewer    | Killed Pargi
  1480 | Sewer    | Reached skill level 6 in Ranged Weapons
  1518 | Sewer    | 1518 ||| INVOKING Spit Poison.
  1534 | D:3      | 1534 ||| PLANNING D:1-11
  1624 | D:3      | 1624 ||| INVOKING Spit Poison.
  1742 | D:3      | Found a basalt altar of Yredelemnul.
  1742 | D:3      | Found an opulent altar of Gozag.
  1809 | D:3      | 1809 ||| INVOKING Spit Poison.
  1813 | D:3      | 1813 ||| INVOKING Spit Poison.
  1820 | D:3      | 1820 ||| INVOKING Spit Poison.
  1823 | D:3      | Reached XP level 6. HP: 45/56 MP: 6/6
  1902 | D:3      | 1902 ||| INVOKING Spit Poison.
  1909 | D:3      | 1909 ||| INVOKING Spit Poison.
  1914 | D:3      | 1914 ||| INVOKING Spit Poison.
  1918 | D:3      | 1918 ||| INVOKING Spit Poison.
  1980 | D:3      | 1980 ||| INVOKING Spit Poison.
  2159 | D:3      | 2159 ||| READING scroll labelled LEUMIE DAODGHIA.
  2187 | D:4      | 2187 ||| INVOKING Spit Poison.
  2190 | D:4      | 2190 ||| INVOKING Spit Poison.
  2322 | D:4      | 2322 ||| INVOKING Spit Poison.
  2325 | D:4      | 2325 ||| INVOKING Spit Poison.
  2348 | D:4      | 2348 ||| INVOKING Spit Poison.
  2370 | D:4      | 2370 ||| INVOKING Spit Poison.
  2373 | D:4      | 2373 ||| INVOKING Spit Poison.
  2379 | D:4      | 2379 ||| INVOKING Spit Poison.
  2484 | D:4      | 2484 ||| SWAPPING to +0 arbalest.
  2485 | D:4      | 2485 ||| INVOKING Spit Poison.
  2503 | D:4      | 2503 ||| DROPPING +0 shortbow.
  2530 | D:4      | 2530 ||| INVOKING Spit Poison.
  2533 | D:4      | 2533 ||| INVOKING Spit Poison.
  2586 | D:4      | Found an ancient bone altar of Kikubaaqudgha.
  2622 | D:4      | 2622 ||| INVOKING Spit Poison.
  2625 | D:4      | Reached XP level 7. HP: 64/64 MP: 7/7
  2715 | D:4      | 2715 ||| INVOKING Spit Poison.
  2834 | D:4      | 2834 ||| READING scroll labelled ATUOTHRI ZIACK.
  2935 | D:4      | 2935 ||| READING 2 scrolls of identify.
  2935 | D:4      | 2935 ||| IDENTIFYING yellow potion
  2986 | D:5      | Entered Level 5 of the Dungeon
  3000 | D:5      | 3000 ||| INVOKING Spit Poison.
  3005 | D:5      | 3005 ||| INVOKING Spit Poison.
  3085 | D:5      | Noticed a kobold demonologist
  3087 | D:5      | 3087 ||| INVOKING Spit Poison.
  3088 | D:5      | Noticed a smoke demon
  3090 | D:5      | Noticed an ice devil
  3090 | D:5      | 3090 ||| INVOKING Spit Poison.
  3094 | D:5      | 3094 ||| INVOKING Spit Poison.
  3094 | D:5      | HP: 5/64 [ice devil[a kobold demonologist] (17)]
  3095 | D:5      | 3095 ||| READING 2 scrolls of teleportation.
  3096 | D:5      | HP: 2/64 [kobold demonologist/+0 dagger (4)]
  3097 | D:5      | Killed a kobold demonologist
  3098 | D:5      | Reached skill level 7 in Ranged Weapons
  3366 | D:5      | 3366 ||| INVOKING Spit Poison.
  3370 | D:5      | 3370 ||| INVOKING Spit Poison.
  3375 | D:5      | Reached skill level 8 in Ranged Weapons
  3375 | D:5      | 3375 ||| INVOKING Spit Poison.
  3377 | D:5      | Reached XP level 8. HP: 67/72 MP: 8/8
  3420 | D:5      | 3420 ||| INVOKING Spit Poison.
  3424 | D:5      | 3424 ||| SWAPPING to +2 heavy orcbow.
  3425 | D:5      | 3425 ||| DROPPING +0 arbalest.
  3478 | D:5      | 3478 ||| INVOKING Spit Poison.
  3482 | D:5      | 3482 ||| INVOKING Spit Poison.
  3586 | D:5      | 3586 ||| INVOKING Spit Poison.
  3586 | D:5      | Noticed Prince Ribbit
  3589 | D:5      | 3589 ||| INVOKING Spit Poison.
  3594 | D:5      | 3594 ||| INVOKING Spit Poison.
  3599 | D:5      | 3599 ||| INVOKING Spit Poison.
  3604 | D:5      | Killed Prince Ribbit
  3667 | D:5      | 3667 ||| INVOKING Spit Poison.
  3745 | D:5      | 3745 ||| INVOKING Spit Poison.
  3837 | D:5      | 3837 ||| READING scroll labelled IQESOSH EFISUDD.
  3838 | D:5      | 3838 ||| READING 2 scrolls of identify.
  3838 | D:5      | 3838 ||| IDENTIFYING metallic silvery potion
  3839 | D:5      | 3839 ||| DROPPING potion of invisibility.
  3861 | D:6      | 3861 ||| INVOKING Spit Poison.
  3865 | D:6      | 3865 ||| INVOKING Spit Poison.
  3881 | D:6      | 3881 ||| INVOKING Spit Poison.
  3883 | D:6      | Reached skill level 9 in Ranged Weapons
  3924 | D:6      | 3924 ||| INVOKING Spit Poison.
  3929 | D:6      | 3929 ||| INVOKING Spit Poison.
  3932 | D:6      | 3932 ||| INVOKING Spit Poison.
  3935 | D:6      | 3935 ||| INVOKING Spit Poison.
  4041 | D:6      | Reached skill level 1 in Armour
  4217 | D:6      | Found a staircase to the Ecumenical Temple.
  4218 | D:6      | 4218 ||| PLANNING TEMPLE
  4298 | D:6      | 4298 ||| Stepping ~*~*~tactically~*~*~ (outnumbered).
  4300 | D:6      | 4300 ||| INVOKING Spit Poison.
  4303 | D:6      | 4303 ||| INVOKING Spit Poison.
  4306 | D:6      | 4306 ||| INVOKING Spit Poison.
  4309 | D:6      | Reached skill level 3 in Dodging
  4690 | D:6      | 4690 ||| UPGRADING to +0 cloak.
  4695 | D:6      | 4695 ||| UPGRADING to +0 helmet.
  4700 | D:6      | 4700 ||| DROPPING +1 pair of gloves.
  4731 | Temple   | Entered the Ecumenical Temple
  4767 | Temple   | 4767 ||| PLANNING OKAWARU WORSHIP
  4993 | Temple   | Became a worshipper of Warmaster Okawaru
  4993 | Temple   | 4993 ||| PLANNING D:1-11
  5087 | D:6      | 5087 ||| INVOKING Spit Poison.
  5170 | D:6      | Found Sezizoc's Magic Scroll Boutique.
  5176 | D:6      | 5176 ||| BUYING 3 scrolls of identify (72 gold).
  5176 | D:6      | Bought 3 scrolls of identify for 72 gold pieces
  5176 | D:6      | 5176 ||| BUYING scroll of brand weapon (114 gold).
  5176 | D:6      | Bought a scroll of brand weapon for 114 gold pieces
  5176 | D:6      | 5176 ||| BUYING scroll of enchant armour (90 gold).
  5176 | D:6      | Bought a scroll of enchant armour for 90 gold pieces
  5176 | D:6      | 5176 ||| SHOPLISTING scroll of enchant weapon (90 gold,
                  | have 5).
  5176 | D:6      | 5176 ||| SHOPLISTING scroll of identify (24 gold, have 5).
  5176 | D:6      | 5176 ||| READING scroll of enchant armour.
  5176 | D:6      | 5176 ||| ENCHANTING +0 helmet.
  5439 | D:6      | 5439 ||| READING scroll labelled POZOGAU UBUAL.
  5440 | D:6      | 5440 ||| READING 4 scrolls of identify.
  5440 | D:6      | 5440 ||| IDENTIFYING metallic brown potion
  5441 | D:6      | 5441 ||| READING 3 scrolls of identify.
  5441 | D:6      | 5441 ||| IDENTIFYING coppery potion
  5442 | D:6      | 5442 ||| READING 2 scrolls of identify.
  5442 | D:6      | 5442 ||| IDENTIFYING smoky ruby potion
  5443 | D:6      | 5443 ||| DROPPING potion of ambrosia.
  5444 | D:6      | 5444 ||| DROPPING potion of brilliance.
  5445 | D:6      | 5445 ||| DROPPING potion of degeneration.
  5536 | D:7      | 5536 ||| INVOKING Spit Poison.
  5536 | D:7      | Noticed Pikel
  5540 | D:7      | 5540 ||| INVOKING Spit Poison.
  5543 | D:7      | Reached XP level 9. HP: 62/81 MP: 9/9
  5543 | D:7      | 5543 ||| INVOKING Spit Poison.
  5546 | D:7      | HP: 19/81 [Pikel/+0 whip of electrocution (8)]
  5547 | D:7      | 5547 ||| READING 3 scrolls of teleportation.
  5548 | D:7      | Slain by Pikel

Levels and vault maps discovered:
D:1:      lightli_iron_boxes, layout_loops_ring, serial_shops,
          nicolae_shop_tiny_glass
D:2:      layout_rooms
D:3:      layout_loops_ring, gammafunk_temple_overflow_wave,
          gup_sewer_entry_bubbles, st_stairs_13, amcnicky_mini_corridor_feature
D:4:      layout_basic, kennysheep_mini
D:5:      layout_basic, minmay_manual_mail, uniq_prince_ribbit1
D:6:      layout_layer_cave, temple_pool_b, serial_shops,
          nicolae_shop_rolling_square, hangedman_decor_lopped,
          chequers_serial_rivers_large_a, serial_bayou_pond_c, st_stairs_9,
          roderic_malta_cross
D:7:      layout_cave_pools, nemelex_dance_club_becter, serial_gnoll_camp,
          gnoll_camp_huts_basic, gnoll_camp_mini_house, gnoll_camp_mini_shop,
          gnoll_camp_medium_02, gnoll_camp_mini_doghouse,
          minmay_misc_feat_four_crosses, minivault_22,
          hangedman_decor_peaks_small, minmay_bent, uniq_crazy_yiuf_cottage,
          uniq_pikel
Temple:   dpeg_five_rooms_temple

Skill      XL: |  1  2  3  4  5  6  7  8 |
---------------+-------------------------+-----
Ranged Weapons | 4 5 6 8 9 |  9.1
Fighting       | 3 4 5 |  5.6
Dodging        | 2 3 |  3.0
Armour         | 1 |  1.0
Stealth        | |  1.5

Action                     |  1- 3 |  4- 6 |  7- 9 || total
---------------------------+-------+-------+-------++-------
   Fire: Shortbow          |    57 |   118 |       ||   175
         Arbalest          |       |     8 |    29 ||    37
         Orcbow            |       |       |    76 ||    76
Ability: Spit Poison       |    24 |    44 |    32 ||   100
    Use: Scroll            |     5 |     5 |    11 ||    21
         Potion            |       |     1 |       ||     1
 Armour: Leather armour    |       |    33 |    48 ||    81
  Dodge: Dodged            |     4 |    40 |    68 ||   112

Table legend:
 A = Non-vault XP
 B = Vault XP
 C = Vault XP percentage of total XP
 D = Non-vault monster count
 E = Vault monster count
 F = Vault count percentage of total count
                 A         B        C        D         E       F
            +---------+---------+-------+---------+---------+-------
      Total |    1378 |     984 |  41.7 |      99 |      23 |  18.9
            +---------+---------+-------+---------+---------+-------
        D:1 |      33 |       0 |   0.0 |      19 |       0 |   0.0
        D:2 |      99 |       0 |   0.0 |      24 |       0 |   0.0
        D:3 |      40 |      41 |  50.6 |      13 |       7 |  35.0
        D:4 |     286 |       0 |   0.0 |      16 |       0 |   0.0
        D:5 |     346 |     756 |  68.6 |       8 |       5 |  38.5
        D:6 |     574 |      24 |   4.0 |      19 |       2 |   9.5
        D:7 |       0 |      28 | 100.0 |       0 |       2 | 100.0
      Sewer |       0 |     135 | 100.0 |       0 |       7 | 100.0
            +---------+---------+-------+---------+---------+-------
